Cogmind - Beta 13 @@@ ROGUE MODE // 2024.04.26 @ 18:51:26 Player: Gold Spoon Result: Destroyed by D-53 Grenadier with Mini Grenade Launcher Performance ------------- Evolutions (1) 500 Regions Visited (4) 800 Robots Destroyed (46) 230 Value Destroyed (943) 943 Prototype IDs (6) 120 Alien Tech Used (0) 0 Bonus (0) 0 TOTAL SCORE: 2593 Bonus ------- None Cogmind --------- Core Integrity 0/400 Matter 126/300 Energy 99/100 System Corruption 0% Temperature Cool (0) Movement Core (100) Ox1 Location -9/Mines Parts ------- > --- POWER (1) -------- (None) > --- PROPULSION (2) --- (None) > --- UTILITY (4) ------ Small Storage Unit Hacking Suite Hacking Suite > --- WEAPON (2) ------- (None) > --- INVENTORY (8) ---- Ion Engine Light Treads Hacking Suite Assault Rifle Light Cannon Light Cannon Improved Light Cannon Peak State ------------ > --- POWER ------------ Ion Engine > --- PROPULSION ------- Light Treads Light Treads > --- UTILITY ---------- Small Storage Unit Light Armor Plating Hacking Suite Hacking Suite > --- WEAPON ----------- Heavy Assault Rifle Rocket Launcher > --- INVENTORY -------- Ion Engine Light Treads Hacking Suite Assault Rifle Light Cannon Light Cannon Light Cannon Improved Light Cannon [Rating: 16] Favorites ----------- Power Ion Engine Engine Ion Engine Propulsion Light Treads Treads Light Treads Utility Hacking Suite Device Structural Scanner Storage Small Storage Unit Hackware Hacking Suite Protection Light Armor Plating Weapon Light Cannon Energy Gun Heavy EM Pulse Gun Ballistic Gun Assault Rifle Ballistic Cannon Light Cannon Launcher Rocket Launcher Build | -11 -10 -10 -9 -9 ------- Run | Yrd Mat Min Mat Min Slots Evolved 2 | . . . 2 . Power . | . . . . . Propulsion . | . . . . . Utility 2 | . . . 2 . Weapon . | . . . . . Parts Attached 25 | 6 7 1 9 2 Power 4 | 1 1 1 1 . Engine 4 | 1 1 1 1 . Core . | . . . . . Reactor . | . . . . . Propulsion 4 | 2 . . 2 . Treads 4 | 2 . . 2 . Leg . | . . . . . Wheel . | . . . . . Hover . | . . . . . Flight . | . . . . . Utility 8 | 1 3 . 4 . Device 1 | . 1 . . . Storage 2 | 1 . . 1 . Processor . | . . . . . Hackware 2 | . 1 . 1 . Protection 3 | . 1 . 2 . Artifact . | . . . . . Weapon 9 | 2 3 . 2 2 Energy Gun 2 | 1 1 . . . Energy Cannon . | . . . . . Ballistic Gun 3 | 1 . . 2 . Ballistic Cannon 3 | . 2 . . 1 Launcher 1 | . . . . 1 Special Weapon . | . . . . . Impact Weapon . | . . . . . Slashing Weapon . | . . . . . Piercing Weapon . | . . . . . Special Melee Weapon . | . . . . . Unidentified Prototypes . | . . . . . Parts Lost 12 | . . 1 5 6 Power 3 | . . 1 1 1 Propulsion 2 | . . . 1 1 Utility 2 | . . . 1 1 Weapon 5 | . . . 2 3 Highest Loss Streak 6 | . . 1 2 6 To Critical Strikes . | . . . . . Average Slot Usage (%) 92 | . 96 98 88 89 Engine 12 | . 13 13 10 10 Treads 22 | . 28 28 16 19 Storage 12 | . 14 14 10 11 Hackware 14 | . 10 14 17 22 Protection 4 | . . . 10 7 Energy Gun 1 | . 3 . . . Ballistic Gun 9 | . 3 . 17 14 Ballistic Cannon 13 | . 20 28 4 3 Naked Turns . | . . . . . Heaviest Build 20 | 14 18 16 18 20 Greatest Support 40 | 40 40 40 40 40 Greatest Overweight (x) 1 | . . . . 1 Average Overweight (x) . | . . . . . Largest Inventory Capacity 8 | 8 8 8 8 8 Average Capacity 7 | 7 8 8 7 8 Most Carried 8 | 3 8 8 8 8 Average Carried 6 | . 4 7 7 7 Final Capacity 8 | 8 8 8 8 8 Final Carried 8 | . 7 7 8 7 Class Distribution -------------------- 72% | Mutant 20% | Scavenger-Mutant 7% | Hacker-Mutant Dominant Class ---------------- Mutant | -10/Materials Mutant | -10/Mines Mutant | -9/Materials Scavenger-Mutant | -9/Mines Resources | -11 -10 -10 -9 -9 ----------- Run | Yrd Mat Min Mat Min Matter Collected 1144 | 260 355 109 388 32 Remotely . | . . . . . Salvage Created 1244 | . 447 80 625 92 Parts 84 | . 27 16 41 . Haulers Intercepted 2 | . 1 . 1 . Recyclers Shooed 2 | . . 1 1 . Parts Field Recycled . | . . . . . Retrieved Matter . | . . . . . Parts Self-Destructed . | . . . . . Prevented . | . . . . . Kills | -11 -10 -10 -9 -9 ------- Run | Yrd Mat Min Mat Min Combat Hostiles Destroyed 47 | . 8 9 12 18 Guns 14 | . 3 . 10 1 Cannons 21 | . 5 9 2 5 AOE 12 | . . . . 12 Classes Destroyed 10 | . 7 . 2 1 Worker 4 | . 2 1 1 . Hauler 2 | . 1 . 1 . Recycler 1 | . 1 . . . Operator 4 | . 2 . 2 . Watcher 6 | . 3 . 3 . Swarmer 12 | . 3 9 . . Grunt 13 | . 5 . 8 . Brawler 1 | . . . 1 . Sentry 3 | . . . 3 . Assembled 18 | . . . . 18 Best Kill Streak 18 | . 5 4 4 18 Combat Bots Only 18 | . 3 4 3 18 Max Kills in Single Turn 5 | . 2 2 1 5 Gunslinging 1 | . 1 . . . Exploded 5 | . . . . 5 Melee . | . . . . . Uniques/NPCs Destroyed . | . . . . . Combat | -11 -10 -10 -9 -9 -------- Run | Yrd Mat Min Mat Min Hostile Shots Fired 215 | . 40 63 52 60 Missed 56 | . 13 11 21 11 Damage Taken 2183 | . 249 420 422 1092 Core 504 | . 26 68 60 350 Absorbed by Shields . | . . . . . Regen/Repaired (Parts) 246 | . 68 . 178 . Core Remaining (%) 81 | 100 . 62 . . Volleys Fired 142 | . 50 19 56 17 Largest 2 | . 2 2 2 2 Hottest 70 | . 70 70 70 58 Shots Fired 281 | . 100 38 110 33 Gun 148 | . 46 . 85 17 Cannon 130 | . 54 38 25 13 Launcher 3 | . . . . 3 Special . | . . . . . Kinetic 255 | . 77 38 110 30 Thermal . | . . . . . Explosive 3 | . . . . 3 Electromagnetic 23 | . 23 . . . Robot Hit Streak 8 | . 8 5 8 7 Robot Miss Streak 6 | . 6 5 6 2 Penetration Max . | . . . . . Secondary Targets 1 | . 1 . . . Max Gunslinging Chain 1 | . 1 . . . Shots Hit Robots 142 | . 42 15 63 22 Core Hits 90 | . 18 10 31 31 Critical Kills . | . . . . . Critical Parts Destroyed 1 | . . . 1 . Critical Strikes 8 | . 4 . 3 1 Destroy 1 | . . . 1 . Blast 7 | . 4 . 2 1 Melee Attacks . | . . . . . Impact . | . . . . . Slashing . | . . . . . Piercing . | . . . . . Sneak Attacks . | . . . . . Combat Hostiles . | . . . . . Follow-up Attacks . | . . . . . Damage Inflicted 3144 | . 787 354 927 1076 Guns 1093 | . 274 . 658 161 Cannons 1271 | . 513 354 267 137 Explosions 778 | . . . . 778 Melee . | . . . . . Ramming 2 | . . . 2 . Kinetic 2227 | . 650 354 925 298 Thermal . | . . . . . Explosive 778 | . . . . 778 Electromagnetic 137 | . 137 . . . Impact . | . . . . . Slashing . | . . . . . Piercing . | . . . . . Highest Corruption . | . . . . . Average Corruption . | . . . . . Corruption Purged . | . . . . . Corruption Blocked . | . . . . . Overload Shots . | . . . . . Overflow Damage 30 | . 5 . . 25 Projectiles 11 | . 5 . . 6 Explosions 19 | . . . . 19 Melee . | . . . . . Knockbacks 13 | . 5 3 4 1 Impact . | . . . . . Kinetic 12 | . 4 3 4 1 Secondary 1 | . 1 . . . Self-Inflicted Damage 100 | . . . . 100 Shots 3 | . . . . 3 Rammed . | . . . . . Targets Rammed 1 | . . . 1 . Kicked . | . . . . . Crushed 1 | . . . 1 . Highest Temperature 113 | . 90 54 26 113 Average Temperature 23 | . 18 17 7 52 Received Heat Transfer 479 | . 42 . 177 260 Siege Activations . | . . . . . Robots Corrupted . | . . . . . Combat Hostiles . | . . . . . Parts Fried 1 | . 1 . . . Impact Corruptions . | . . . . . Robots Melted . | . . . . . Combat Hostiles . | . . . . . Parts Melted . | . . . . . Heat Transferred . | . . . . . Parts Sabotaged . | . . . . . Parts Stolen . | . . . . . Parts Stripped . | . . . . . Power Chain Reactions . | . . . . . Alert | -11 -10 -10 -9 -9 ------- Run | Yrd Mat Min Mat Min Peak Influence 288 | . 288 232 191 37 Initial 19 | . . 12 12 19 Average 76 | . 89 98 68 19 Maximum Alert Level 1 | . 1 1 . . Low Security (%) 97 | 100 95 94 100 100 Level 1 2 | . 4 5 . . Level 2 . | . . . . . Level 3 . | . . . . . Level 4 . | . . . . . Level 5 . | . . . . . High Security . | . . . . . Max Security . | . . . . . Squads Dispatched 5 | . 2 . 3 . Investigation 1 | . . . 1 . Extermination . | . . . . . Reinforcement 4 | . 2 . 2 . Assault . | . . . . . Garrison . | . . . . . Intercept . | . . . . . Searches Triggered . | . . . . . Construction Impeded . | . . . . . Haulers Reinforced . | . . . . . Active Scanning Responses . | . . . . . Cargo Convoy Interrupts . | . . . . . Stealth | -11 -10 -10 -9 -9 --------- Run | Yrd Mat Min Mat Min Distress Signals 5 | . 1 . 4 . Communications Jammed . | . . . . . Distress Signals . | . . . . . Times Spotted 75 | . 20 9 24 22 Peak Tracking Total 14 | . 3 4 4 14 Tactical Retreats 1 | . . . 1 . Traps | -11 -10 -10 -9 -9 ------- Run | Yrd Mat Min Mat Min Traps Triggered 1 | . . . 1 . Indirectly . | . . . . . Trap Hack Attempts . | . . . . . Triggered . | . . . . . Disarmed . | . . . . . Reprogrammed . | . . . . . Reused . | . . . . . Traps Extracted . | . . . . . Installed . | . . . . . Triggered . | . . . . . Machines | -11 -10 -10 -9 -9 ---------- Run | Yrd Mat Min Mat Min Machines Disabled 1 | . . 1 . . Max in Single Turn 1 | . . 1 . . Machines Repaired . | . . . . . Machines Dismantled . | . . . . . Machines Sabotaged . | . . . . . Overloaded Fab Kills . | . . . . . Hacking | -11 -10 -10 -9 -9 --------- Run | Yrd Mat Min Mat Min Machines Accessed 12 | . 5 . 7 . Terminals 10 | . 4 . 6 . Fabricators . | . . . . . Repair Stations 2 | . 1 . 1 . Recycling Units . | . . . . . Scanalyzers . | . . . . . Garrison Access . | . . . . . Total Hacks 34 | . 17 . 17 . Successful 24 | . 10 . 14 . Failed 10 | . 7 . 3 . Catastrophic 2 | . 2 . . . Database Lockouts . | . . . . . Manual . | . . . . . Terminals 26 | . 13 . 13 . Fabricators . | . . . . . Repair Stations 8 | . 4 . 4 . Recycling Units . | . . . . . Scanalyzers . | . . . . . Garrison Access . | . . . . . Terminal Hacks 16 | . 6 . 10 . Record 1 | . . . 1 . Prototype ID Bank 3 | . 2 . 1 . Branch Access Points 2 | . 1 . 1 . Emergency Access Points 1 | . 1 . . . Terminal Index 1 | . 1 . . . Alert Level 3 | . . . 3 . Locate Traps 2 | . 1 . 1 . Recall Reinforcements 1 | . . . 1 . Hauler Manifests 1 | . . . 1 . Registered Components 1 | . . . 1 . Fabricator Hacks . | . . . . . Repair Station Hacks 8 | . 4 . 4 . Scan Component 4 | . 2 . 2 . Repair 4 | . 2 . 2 . Recycling Unit Hacks . | . . . . . Scanalyzer . | . . . . . Garrison Access Hacks . | . . . . . Unauthorized Hacks . | . . . . . Terminals . | . . . . . Fabricators . | . . . . . Repair Stations . | . . . . . Recycling Units . | . . . . . Scanalyzers . | . . . . . Garrison Access . | . . . . . Data Cores Recovered . | . . . . . Used . | . . . . . Hacking Detections 9 | . 4 . 5 . Full Trace Events . | . . . . . Feedback Events . | . . . . . Feedback Blocked . | . . . . . Robot Schematics Acquired . | . . . . . Robots Built . | . . . . . Authchips . | . . . . . Time . | . . . . . Total Robot Build Rating . | . . . . . Part Schematics Acquired . | . . . . . Parts Built . | . . . . . Authchips . | . . . . . Time . | . . . . . Total Part Build Rating . | . . . . . Parts Repaired 4 | . 2 . 2 . Time 104 | . 52 . 52 . Parts Recycled . | . . . . . Recycled Matter . | . . . . . Retrieved Matter . | . . . . . Retrieved Components . | . . . . . Parts Scanalyzed . | . . . . . Part Schematics Acquired . | . . . . . Parts Damaged . | . . . . . Bothacking | -11 -10 -10 -9 -9 ------------ Run | Yrd Mat Min Mat Min Used RIF Installer . | . . . . . Robots Hacked . | . . . . . Non-combat . | . . . . . Combat . | . . . . . Robot Hacks Applied . | . . . . . Relay Couplers Released . | . . . . . Fabnet Peak Effective % . | . . . . . Robots Rewired . | . . . . . Allies Hacked . | . . . . . Hacks Repelled . | . . . . . Allies | -11 -10 -10 -9 -9 -------- Run | Yrd Mat Min Mat Min Total Allies . | . . . . . Largest Group . | . . . . . Highest-Rated Group . | . . . . . Highest-Rated Ally . | . . . . . Total Orders . | . . . . . Ally Attacks . | . . . . . Total Damage . | . . . . . Kills . | . . . . . Allies Corrupted . | . . . . . Allies Melted . | . . . . . Intel | -11 -10 -10 -9 -9 ------- Run | Yrd Mat Min Mat Min Robot Analysis Total . | . . . . . Derelict Logs Recovered . | . . . . . Drone Launches . | . . . . . Drone Recoveries . | . . . . . Exploration | -11 -10 -10 -9 -9 ------------- Run | Yrd Mat Min Mat Min Turns Passed 3086 | 73 1182 418 1291 122 Spaces Moved 1510 | 43 578 222 618 49 Core 20 | 6 . . . 14 Treads 1490 | 37 578 222 618 35 Legs . | . . . . . Wheels . | . . . . . Hover . | . . . . . Flight . | . . . . . Fastest Speed 50 | 50 160 160 160 100 Average Speed 159 | 144 160 160 160 142 Slowest Speed 160 | 160 160 160 160 160 Overloaded Moves . | . . . . . Propulsion Burnouts . | . . . . . Robots Hopped . | . . . . . Cave-ins Triggered . | . . . . . Exploration Rate (%) 39 | 4 79 40 53 19 Regions Visited 4 Branch Regions 2 Pre-discovered Areas . | . . . . . Known Exits Taken 2 | . 1 . 1 . Unknown Exits Taken 2 | 1 . 1 . . Scrap Searched 2 | . . 1 . 1 Spaces Dug . | . . . . . Terrain Destroyed 28 | . . . . 28 Melee . | . . . . . Projectile 1 | . . . . 1 AOE 27 | . . . . 27 Terrain Rammed . | . . . . . Walls Destroyed . | . . . . . Machines Disabled . | . . . . . Actions | -11 -10 -10 -9 -9 --------- Run | Yrd Mat Min Mat Min Total 1916 | 54 735 247 812 68 Wait 202 | . 85 5 112 . Move 1506 | 42 577 221 617 49 Hop . | . . . . . Pick Up 35 | 6 13 1 15 . Fast Attach . | . . . . . Attach 20 | 6 3 1 9 1 Detach . | . . . . . Swap 5 | . 4 . . 1 Drop 5 | . 3 . 2 . Fire 142 | . 50 19 56 17 Melee . | . . . . . Ram . | . . . . . Kick . | . . . . . Crush 1 | . . . 1 . Escape Stasis . | . . . . . Rewire . | . . . . . Trap . | . . . . . Miscellaneous . | . . . . . Route ------- -11/Scrapyard -10/Materials (discovered 3 exits: *Mat x2 / *Min) -10/Mines -9/Materials (discovered 4 exits: [*Mat x2] / *Min x2) -9/Mines History --------- Turn | Location | Event 2 | -11/Scrapyard | Met Revision 17 11 | -11/Scrapyard | Discovered new exit (range 15) 74 | -11/Scrapyard | Entered Materials 248 | -10/Materials | Identified exit to Mines 303 | -10/Materials | Build established: Mutant 472 | -10/Materials | Discovered new exit (range 15) 819 | -10/Materials | Discovered new exit (range 13) 1113 | -10/Materials | Repaired Lgt. Treads 1140 | -10/Materials | Repaired Ion Engine 1256 | -10/Materials | Entered Mines 1568 | -10/Mines | Discovered new exit (range 15) 1674 | -10/Mines | Entered Materials 1674 | -9/Materials | Evolved 2 slots: Utility x2 1877 | -9/Materials | Discovered new exit (range 15) 2378 | -9/Materials | Discovered new exit (range 15) 2550 | -9/Materials | Discovered new exit (range 11) 2619 | -9/Materials | Identified exit to Mines 2756 | -9/Materials | Build established: Scavenger-Mutant 2857 | -9/Materials | Repaired Lgt. Treads 2884 | -9/Materials | Repaired Sml. Storage Unit 2965 | -9/Materials | Entered Mines 2995 | -9/Mines | Assembled infested the area 3013 | -9/Mines | Found a damaged Exp. Sensor Array with a note attached 3081 | -9/Mines | Core integrity fell below 50% 3085 | -9/Mines | Core integrity fell below 20% 3087 | -9/Mines | Destroyed 18 combat bots 3087 | -9/Mines | Destroyed by D-53 Grenadier with Mini Grenade Launcher Last Messages --------------- as-15352 knocked back. The unstable cave ceiling collapses. Lgt. Treads severed. as-15352 destroyed. K-01 Serf collects debris. C-30 ARC bursts open, deploying its payload. D-53 Grenadier unfolds itself. as-00709 destroyed. K-01 Serf collects debris. Hvy. Assault Rifle destroyed. Lgt. Treads destroyed. Lgt. Cannon destroyed. Ion Engine destroyed. The unstable cave ceiling collapses. Acquired 9 matter. The unstable cave ceiling collapses. Acquired 1 matter. T-07 Excavator destroyed. as-77851 destroyed. The unstable cave ceiling collapses. Map ----- +----------------------------------------------------+ | | | | | | | | | | | | | | | | | | | | | | | | | | | | | | | ????????????????????????????????????????????????? | | ????????????????????????????????????????????????? | | ???????????????????????????????###??????????????? | | ?????????????????????????????? ##?????????????? | | ????????????????????????????? ##????????????? | | ??????????????????????####??# ## ?????????? | | ??????????????????##### ### < ?????????? | | ????????????????### ????????????? | | ????????????????# #???????????????? | | ????????????????# #????????????????? | | ????????????????# @ #?????????????????? | | ????????????????# ##?????????????????? | | ???????????????# ##??????????????????? | | ???????????????# != ###??????#????????????? | | ???????????????# ##??????? ?????????????? | | ??????????# ##### #?????? ??????????????? | | ??????? ##???? #??????? #?????? | | ??????????????##### # #??? #????## #?????? | | ?????????????????# # d# ##### ##### ????? | | ?????????????????# " ????? | | ?????????????????# % "%" ????? | | ?????????????????## # ### " ???? | | ??????????????????# # ### ???? | | ??????????????????# # # #??????? | | ??????????????????### #### #???????? | | ????????????????????####?## #???????? | | ?????????????????????##### #???????? | | ?????????????????????# ## #??????? | | ?????????????????????# ##?? #?????? | | ?????????????????????## ##???? #????? | | ??????????????????????## #####??????? #????? | | ???????????????????????## #???????????? ??????? | | ??????????????????####### #????????????????????? | | ??????????????????# ## #????????????????????? | | ??????????????????# ##[ #????????????????????? | +----------------------------------------------------+ Best States ------------- Heat Dissipation 28 Energy Generation 10 Energy Capacity 250 Matter Stores 300 Matter Capacity 300 Sight Range 16 Terrain Scan Density 10 Armor Coverage 150 Evasion (%) 40 Recoil Reduction 2 Offensive Hacking 20 Item Schematics ----------------- None Robot Schematics ------------------ None Fabricated ------------ Nothing Alien Tech Used ----------------- None Achievements -------------- Exterminator Quick And Dirty Challenges ------------ None Game ------ Seed BarrageDirtyCore Manual? 0 Play Time 00:20:49 Cumulative 22.3 hours Start 2024.04.26 @ 18:31:48 End 2024.04.26 @ 18:51:26 Sessions 1 Manual Loads 0 Difficulty Rogue Special Mode None Game No. 35 Rogue 33 Adventurer 2 Explorer 0 Win Type - Total 0 Types 0/0/0/0/0/0/0/0/0 Lore% 26 Gallery% 20 Achievement% 21 Wizard Run 0 Options --------- Layout 1 ASCII 0 Keyboard 0 Movement Mouse Keybinds 0 Fullscreen 1 Font 24/Smallcaps Map View 50x40 Zoom Use 0% Tactical HUD 0 Map Filters NONE Filters NONE Steam 1 RUN: c77678f3-0f16-492b-89a6-626097f1bd63